 Dungeon Crawl Stone Soup version 0.26.1-2-gb8aa6d0cf2 (webtiles) character file.

Game seed: 17305574045839899160

46 Goblin1989 the Sneak (level 3, 0/29 HPs)
             Began as a Demonspawn Delver on Feb 12, 2021.
             Succumbed to an adder's poison
             ... on level 4 of the Dungeon.
             The game lasted 00:01:07 (230 turns).

Goblin1989 the Sneak (Demonspawn Delver)             Turns: 230, Time: 00:01:08

Health: 0/29       AC:  3    Str: 13    XL:     3   Next: 46%
Magic:  3/3        EV: 12    Int: 11    God:
Gold:   5          SH:  0    Dex: 14    Spells: 2/2 levels left

rFire    . . .     SeeInvis .   a - +0 hand axe
rCold    . . .     Faith    .   (no shield)
rNeg     . . .     Spirit   .   b - +0 leather armour
rPois    .         Reflect  .   (no helmet)
rElec    .         Harm     .   (no cloak)
rCorr    .         Rampage  .   (no gloves)
Will     .....                  (no boots)
Stlth    ++........             (no amulet)
HPRegen  0.09/turn              (no ring)
MPRegen  0.08/turn              (no ring)

@: lethally poisoned (0 -> -1), hasted, very quick
A: talons 1, demonic guardian 1
a: no special abilities


You were on level 4 of the Dungeon.
You visited 1 branch of the dungeon, and saw 2 of its levels.

You collected 5 gold pieces.

Inventory:

Hand Weapons
 a - a +0 hand axe (weapon)
Armour
 b - a +0 leather armour (worn)
Wands
 g - a wand of digging (3) {@v1}
Scrolls
 c - a scroll of fog
 e - a scroll of fear
 M - a scroll of magic mapping


   Skills:
 - Level 3.0 Fighting
 + Level 3.5 Axes
 - Level 1.7 Dodging
 - Level 4.5 Stealth


You had 2 spell levels left.
You didn't know any spells.
Your spell library was empty.

Dungeon Overview and Level Annotations

Branches:
Dungeon (5/15)
 Temple: D:4-7

Altars:
Vehumet


Innate Abilities, Weirdness & Mutations

You have sharp toenails.
A weak demonic guardian rushes to your aid.


Message History

You hit the adder.
The adder is moderately wounded.
You miss something.
You feel sick. The adder bites you.
You are more poisoned.
The adder poisons you!
Your iron imp hits the adder.
Something hits you.
You take 4 damage, and have 14/24 hp.
You are too injured to fight recklessly!
You are too injured to fight recklessly!
You are too injured to fight recklessly!
You are too injured to fight recklessly!
You are too injured to fight recklessly!
You are too injured to fight recklessly!
You are too injured to fight recklessly!
You are too injured to fight recklessly!
Unknown command.
You barely miss the adder.
The adder is severely wounded.
You miss something.
You feel sick. The adder bites you. Something hits you.
* * * LOW HITPOINT WARNING * * *
Your iron imp barely misses the adder.
The adder misses you.
You take 4 damage, and have 10/24 hp.
Unknown command.
You hit the adder.
You kill the adder!
Your leather armour prevents you from hitting something.
You feel sick.
You hear some strange, mumbled words.
Something tries to affect you, but you resist.
Your iron imp hits something.
Your Axes skill increases to level 3!
You take 1 damage, and have 9/24 hp.
Unknown command.
You hit something.
You hear some strange, mumbled words.
Something tries to affect you, but you resist.
Your iron imp misses something.
Something hits you.
* * * LOW HITPOINT WARNING * * *
You take 1 damage, and have 8/24 hp.
You completely miss something.
* * * LOW HITPOINT WARNING * * *
You feel sick.
Your iron imp misses something.
Something hits you.
* * * LOW HITPOINT WARNING * * *
You take 3 damage, and have 5/24 hp.
You miss something.
* * * LOW HITPOINT WARNING * * *
You feel sick. Something hits you but does no damage.
Your iron imp hits something!
Reactivating autopickup.
You feel a bit more experienced.
You have reached level 3!
Your experience leads to an increase in your attributes!
Increase (s)trength, (i)ntelligence, or (d)exterity?
You feel stronger.
Your demonic ancestry asserts itself...
Your toenails lengthen and sharpen.
MP restored: 3 Unknown command.
You feel yourself speed up.
Things that are here:
a +0 dagger; a +0 robe You swap places.
* * * LOW HITPOINT WARNING * * *
You feel sick.
Your iron imp disappears in a puff of smoke!
You take 1 damage, and have 4/29 hp.
Things that are here:
a +0 dagger; an orc corpse
* * * LOW HITPOINT WARNING * * *
You feel sick.
You take 1 damage, and have 3/29 hp.
* * * LOW HITPOINT WARNING * * *
You feel sick.
You take 1 damage, and have 2/29 hp.
Found 24 arrows.
Found a rapier.
An orc comes into view. It is wielding a +0 whip.
* * * LOW HITPOINT WARNING * * *
You feel sick.
You take 1 damage, and have 2/29 hp.
The orc shouts!
You hit the orc but do no damage. You claw the orc, but do no damage.
You hit the orc. Your kick misses the orc.
The orc is lightly wounded.
The orc barely misses you.
You closely miss the orc. You claw the orc, but do no damage.
The orc is lightly wounded.
The orc completely misses you.
You hit the orc but do no damage. You claw the orc, but do no damage.
The orc is lightly wounded.
* * * LOW HITPOINT WARNING * * *
You feel sick.
You take 1 damage, and have 1/29 hp.
You hit the orc but do no damage. You claw the orc.
The orc is heavily wounded.
The orc closely misses you.
You hit the orc.
The orc is severely wounded.
The orc closely misses you.
You hit the orc.
You kill the orc!
You die...

██..██ ██.....█
██......██
██........█
██.........█
██..........█
██...........█
█.....@......█
█...)........█
███..........█
███.......██
██......█
██..██████
████████........█
█...............█
█................


There were no monsters in sight!

Vanquished Creatures
  2 adders
  An adder zombie (D:5)
  2 orcs (D:4)
5 creatures vanquished.

Vanquished Creatures (collateral kills)
  An orc wizard (D:4)
  2 orcs (D:4)
3 creatures vanquished.

Grand Total: 8 creatures vanquished

Notes
Turn   | Place    | Note
-------+----------+-------------------------------------------
     0 | D:5      | Goblin1989 the Demonspawn Delver began the quest for the
                  | Orb.
     0 | D:5      | Reached XP level 1. HP: 18/18 MP: 1/1
     5 | D:5      | Found a radiant altar of Vehumet.
    30 | D:5      | Gained mutation: A weak demonic guardian rushes to your
                  | aid. [demonic ancestry]
    30 | D:5      | Reached XP level 2. HP: 17/24 MP: 2/2
   173 | D:5      | Noticed a phantom
   202 | D:4      | Gained mutation: You have sharp toenails. [demonic
                  | ancestry]
   202 | D:4      | Reached XP level 3. HP: 5/29 MP: 3/3
   225 | D:4      | HP: 1/29 [poisoned by an adder]
   230 | D:4      | Succumbed to an adder's poison

Illustrated notes

Levels and vault maps discovered:
D:4:      minmay_inner_zag, layout_cave_pods, kennysheep_mini, minivault_25,
          uniq_grinder
D:5:      minmay_thinvault, layout_rooms, vehumet_crystals,
          minmay_temple_entry_junction, serial_shops, nicolae_shop_crystal,
          gup_sewer_entry_pipe

Skill      XL: |  1  2 |
---------------+-------+-----
Axes           | 2 3 |  3.5
Fighting       | |  3.0
Dodging        | |  1.7
Stealth        | |  4.5

Action                   || total
-------------------------++-------
Melee: Hand axe          ||    33
       Kick              ||     4
  Use: Potion            ||     1
Armor: Leather armour    ||    12
Dodge: Dodged            ||    22
